Map: Central Protocol

Players

Arranion

  • Race: Zerg Zerg
  • League: Platinum

RetrOn - Winner!

  • Race: Protoss Protoss
  • League: Platinum

VOD

Have the link to the VOD?

Description

Time

  • Played on: Jan. 30, 2016, 1:24 p.m.
  • Length: 7:44
Show
View Real Time Build Order
Export as new Build Order

Arranion Zerg 

Build Orders: Hatch First 

Get SALT Encoding   

  12  0:01  Drone  
  13  0:12  Overlord  
  13  0:17  Drone  
  14  0:31  Drone x2  
  14  0:35  Drone  
  17  0:55  Hatchery  
  16  0:59  Drone  
  16  1:00  Drone  
  18  1:08  Extractor  
  17  1:18  Spawning Pool  
  17  1:20  Drone  
  17  1:23  Drone  
  18  1:34  Drone  
  19  1:43  Drone  
  20  1:50  Drone  
  21  2:01  Overlord  
  21  2:06  Queen  
  23  2:09  Extractor  
  23  2:11  Queen  
  23  2:14  Drone x2  
  28  2:22  Drone  
  28  2:23  Drone  
  29  2:30  Metabolic Boost  
  29  2:33  Drone x2  
  31  2:43  Overlord  
  31  2:50  Queen  
  33  2:52  Drone  
  33  2:53  Drone  
  34  3:05  Roach Warren  
  34  3:08  Lair  
  33  3:27  Drone x7  
  35  3:28  Drone  
  41  3:39  Drone x3  
  44  3:51  Overlord x3  
  44  3:52  Extractor  
  43  3:57  Spore Crawler  
  43  3:59  Spore Crawler  
  40  4:11  Roach x5  
  50  4:23  Glial Reconstitution  
  50  4:29  Zergling x10  
  55  4:49  Evolution Chamber  
  55  4:51  Evolution Chamber  
  53  5:06  Drone  
  53  5:07  Drone x5  
  59  5:21  Hatchery  
  58  5:23  Zerg Missile Weapons Level 1  
  58  5:24  Zerg Ground Armor Level 1  
  58  5:30  Roach  
  58  5:31  Roach x4  
  65  5:47  Overlord x5  
  65  5:48  Spine Crawler  
  64  5:58  Spine Crawler  
  62  6:05  Roach x6  
  74  6:12  Zergling x2  
  75  6:23  Spine Crawler  
  74  6:29  Zergling x4  
  74  6:30  Zergling x10  
  73  6:46  Roach x7  
  44  7:11  Roach  
  44  7:12  Roach x7  
Show
View Real Time Build Order
Export as new Build Order

RetrOn Protoss - Winner!

Build Orders: Nexus First 

Get SALT Encoding   

  12  0:01  Probe (Chrono Boost)  
  13  0:11  Probe (Chrono Boost)  
  14  0:22  Pylon  
  14  0:25  Probe (Chrono Boost)  
  15  0:40  Probe (Chrono Boost)  
  16  0:51  Probe (Chrono Boost)  
  17  1:03  Nexus  
  18  1:15  Gateway  
  18  1:17  Probe (Chrono Boost)  
  18  1:23  Assimilator  
  18  1:29  Assimilator  
  18  1:34  Probe (Chrono Boost)  
  19  1:44  Probe (Chrono Boost)  
  20  1:47  Gateway  
  20  1:55  Pylon  
  20  1:58  Probe (Chrono Boost)  
  21  2:14  Cybernetics Core  
  21  2:23  Zealot  
  21  2:25  Probe (Chrono Boost)  
  21  2:26  Probe (Chrono Boost)  
  25  2:35  Probe (Chrono Boost)  
  25  2:36  Probe (Chrono Boost)  
  27  2:46  Probe (Chrono Boost)  
  27  2:47  Probe (Chrono Boost)  
  29  2:59  Robotics Facility  
  29  3:04  Adept x2  
  33  3:09  Probe (Chrono Boost)  
  33  3:10  Probe (Chrono Boost)  
  36  3:20  Probe (Chrono Boost)  
  36  3:25  Probe (Chrono Boost)  
  37  3:30  Probe (Chrono Boost)  
  38  3:36  Mothership Core (Chrono Boost)  
  38  3:39  Probe (Chrono Boost)  
  43  3:41  Adept  
  43  3:42  Warp Gate (Chrono Boost)  
  43  3:49  Probe  
  43  3:53  Pylon  
  44  3:55  Probe  
  44  4:00  Probe  
  46  4:11  Probe, Immortal (Chrono Boost), Adept  
  46  4:12  Pylon  
  46  4:14  Probe  
  54  4:19  Pylon  
  54  4:30  Adept  
  56  4:35  Gateway  
  56  4:36  Gateway  
  56  4:44  Immortal (Chrono Boost)  
  60  4:56  Adept  
  60  4:57  Adept  
  64  5:06  Gateway  
  64  5:09  Gateway  
  64  5:17  Warp Prism  
  64  5:28  Pylon  
  66  5:38  Gateway  
  66  5:39  Gateway  
  66  5:46  Adept x3  
  66  5:47  Adept  
  74  5:55  Pylon  
  74  5:57  Pylon  
  74  6:02  Adept  
  76  6:17  Adept x4  
  76  6:18  Adept  
  86  6:25  Adept  
  86  6:43  Adept x4  
  86  6:44  Adept x2  
  88  7:04  Adept x2  
  88  7:05  Adept  
  94  7:12  Pylon  
  94  7:14  Pylon  
  94  7:16  Pylon  
  94  7:18  Pylon  
  94  7:20  Pylon  
  94  7:26  Adept  
  94  7:33  Adept x2  
  94  7:34  Adept x3  
Tags
 
Add a new tag
Caveats
  • Supply blocks, unpowered buildings, or Contaminate may cause inaccurate times.
  • Supply counts are checked every 10 seconds.